 Dungeon Crawl Stone Soup version 0.25-a0-258-g6d7e32a812 (webtiles) character file.

Game seed: 6816831093400543710, levelgen mode: deterministic

9 Essalna the Slasher (level 2, 18/23 HPs)
             Began as a Demonspawn Gladiator on Dec 6, 2019.
             Got out of the dungeon alive.
             The game lasted 00:01:07 (221 turns).

Essalna the Slasher (Demonspawn Gladiator)           Turns: 221, Time: 00:01:08

Health: 18/23      AC:  4    Str: 14    XL:     2   Next: 3%
Magic:  2/2        EV: 12    Int:  9    God:
Gold:   0          SH:  0    Dex: 14    Spells: 1/1 levels left

rFire    . . .     SeeInvis .   a - +0 long sword
rCold    . . .     Gourm    .   (no shield)
rNeg     . . .     Faith    .   b - +0 leather armour
rPois    .         Spirit   .   c - +0 helmet
rElec    .         Reflect  .   (no cloak)
rCorr    .         Harm     .   (no gloves)
MR       .....                  (no boots)
Stlth    +.........             (no amulet)
HPRegen  0.07/turn              (no ring)
MPRegen  0.08/turn              (no ring)

@: no status effects
A: talons 1
a: no special abilities


You escaped.
You were not hungry.

You visited 1 branch of the dungeon, and saw 1 of its levels.

Inventory:

Hand Weapons
 a - a +0 long sword (weapon)
Missiles
 d - 3 throwing nets (quivered)
Armour
 b - a +0 leather armour (worn)
 c - a +0 helmet (worn)
Scrolls
 e - 2 scrolls of identify {unknown}
 g - a scroll of amnesia {unknown}
 h - a scroll of remove curse {unknown}
Comestibles
 f - a ration


   Skills:
 + Level 2.4 Fighting
 + Level 3.0 Long Blades
 - Level 1.7 Throwing
 - Level 2.6 Dodging


You had one spell level left.
You didn't know any spells.
Your spell library was empty.

Dungeon Overview and Level Annotations

Branches:
Dungeon (1/15)

Altars:


Innate Abilities, Weirdness & Mutations

You have sharp toenails.


Message History

You closely miss the rat. The rat bites you but does no damage.
The rat misses you.
You riposte.
You barely miss the rat. You hit the rat.
You kill the rat!
You have reached level 2!
Your demonic ancestry asserts itself...
Your toenails lengthen and sharpen.
You barely miss the rat. Your kick misses the rat. The rat bites you.
You slash the rat!
You kill the rat!
e - 2 scrolls labeled YDEHIH JOPO (gained 1)
Things that are here:
a cursed +0 club; a rat corpse; a hobgoblin corpse Save game and exit?
Welcome back, Essalna the Demonspawn Gladiator.
Press ? for a list of commands and other information.
There is an open gate here.
There is a staircase leading out of the dungeon here.
Are you sure you want to leave the Dungeon?
This will make you lose the game!
You have escaped!

#♣....≈≈≈≈
#♣....≈≈≈≈
#P.(...≈≈≈
#.......≈≈
#P....≈≈≈≈
######♣.....≈≈≈
♣)P.P♣......≈≈≈
♣♣♣♣..........≈≈≈≈
♣@♣.....♣.P....≈≈≈
♣P............≈≈≈≈
♣............≈≈≈≈≈
♣...........≈≈≈≈≈≈
♣♣♣..≈≈..≈≈≈≈≈≈≈≈≈
≈≈≈≈≈≈≈≈≈≈≈≈≈≈≈≈
≈≈≈≈≈≈≈≈≈≈≈≈≈≈≈≈
≈≈≈≈≈≈≈≈≈≈≈≈≈≈≈≈
###############


There were no monsters in sight!

Vanquished Creatures
  A dart slug (D:1)
  3 hobgoblins (D:1)
  A frilled lizard (D:1)
  2 rats (D:1)
7 creatures vanquished.

Notes
Turn   | Place    | Note
-------+----------+-------------------------------------------
     0 | D:1      | Essalna the Demonspawn Gladiator began the quest for the
                  | Orb.
     0 | D:1      | Reached XP level 1. HP: 16/16 MP: 1/1
   166 | D:1      | Reached skill level 3 in Long Blades
   171 | D:1      | Gained mutation: You have sharp toenails. [demonic
                  | ancestry]
   171 | D:1      | Reached XP level 2. HP: 15/23 MP: 2/2
   221 | D:$      | Got out of the dungeon alive.

Levels and vault maps discovered:
D:1:      kennysheep_arrival_seaside, layout_loops_ring, fountainhead,
          minmay_circled_x

Skill      XL: |  1 |
---------------+----+-----
Long Blades    | 3 |  3.0
Fighting       | |  2.4
Throwing       | |  1.7
Dodging        | |  2.6

Action                   || total
-------------------------++-------
Melee: Long sword        ||    22
Armor: Leather armour    ||     4
Dodge: Dodged            ||    15
       Rpst.: Long sword ||     7

Table legend:
 A = Non-vault XP
 B = Vault XP
 C = Vault XP percentage of total XP
 D = Non-vault monster count
 E = Vault monster count
 F = Vault count percentage of total count
                 A         B        C        D         E       F
            +---------+---------+-------+---------+---------+-------
      Total |      13 |       0 |   0.0 |       7 |       0 |   0.0
            +---------+---------+-------+---------+---------+-------
        D:1 |      13 |       0 |   0.0 |       7 |       0 |   0.0
            +---------+---------+-------+---------+---------+-------
